AoeStats
← Al-Ma'idah Castrum

Fortress

509490497Analyzed
4v4 RM · 4d ago on Sep 27, 2026· 62m 12s· 8 players
Game mode
Random Map
Map size
Huge
Population
200
Speed
Normal
Resources
Standard
Victory
Conquest
Starting age
Dark Age
Ending age
Imperial Age
RankedLock teamsTeams togetherTeam positionsShared explorationLock speedFull tech treeHidden civsTurbo modeCheats
Victory
Defeat
🇦🇷 Italians · Argentina
963
+14
🇹🇷 Turks · Türkiye
962
+14
🇸🇪 Persians · Sweden
954
+14
🇱🇻 Khmer · Latvia
924
+15
🇷🇺 Chinese · Russia
938
-15
🇧🇷 Magyars · Brazil
936
-15
🇨🇳 Armenians · China
912
-14
🇨🇴 Byzantines · Colombia
887
-13
Al-Ma'idah Castrum
7:02 Feudal Age
5:58 Loom
7:49 Double-Bit Axe
7:46 Horse Collar
17:32 Castle Age
15:53 Gold Mining
16:17 Stone Mining
17:07 Scale Barding Armor
19:44 Chain Barding Armor
20:02 Bow Saw
21:17 Fletching
24:53 Masonry
28:37 Wheelbarrow
29:42 Bodkin Arrow
30:11 Ballistics
35:10 Imperial Age
32:04 Elite Skirmisher
32:46 Padded Archer Armor
33:28 Caravan
33:51 Murder Holes
34:23 Leather Archer Armor
34:29 Hand Cart
34:00 Town Watch
35:06 Crossbowman
35:52 Thumb Ring
35:55 Bracer
36:18 Corvinian Army
37:12 Ring Archer Armor
36:53 Husbandry
36:59 Light Cavalry
37:49 Bloodlines
38:14 Conscription
38:54 Plate Barding Armor
40:00 Hoardings
41:07 Onager
42:07 Hussar
42:14 Arbalester
43:54 Gold Shaft Mining
44:28 Cavalier
46:39 Heavy Plow
47:42 Two-Man Saw
48:29 Elite Magyar Huszar
52:36 Capped Ram
52:59 Paladin
shamannking1993
1:02 Loom
13:09 Feudal Age
14:53 Wheelbarrow
15:32 Horse Collar
15:40 Double-Bit Axe
18:02 Castle Age
21:30 Imperial Age
20:31 Hand Cart
21:43 Heavy Plow
22:07 Caravan
23:30 Bow Saw
25:49 Conscription
27:46 Murder Holes
28:04 Fortified Wall
28:16 Ballistics
29:24 Fletching
29:34 Padded Archer Armor
29:40 Great Wall
29:14 Sappers
29:42 Gold Mining
29:42 Stone Mining
31:00 Bodkin Arrow
31:20 Leather Archer Armor
32:40 Bracer
33:11 Ring Archer Armor
33:45 Chemistry
32:35 Crossbowman
33:25 Thumb Ring
34:18 Forging
34:09 Scale Mail Armor
34:14 Scale Barding Armor
33:53 Arbalester
35:36 Pikeman
36:17 Squires
36:03 Arson
36:56 Iron Casting
36:36 Chain Mail Armor
36:17 Halberdier
40:26 Elite Skirmisher
40:32 Elite Chu Ko Nu
43:10 Light Cavalry
44:02 Bloodlines
44:10 Husbandry
44:34 Cavalier
58:38 Heavy Rocket Cart
FELIPE41
1:05 Loom
7:28 Feudal Age
8:39 Double-Bit Axe
15:05 Castle Age
12:51 Horse Collar
13:47 Stone Mining
14:20 Forging
14:15 Scale Barding Armor
16:58 Wheelbarrow
18:05 Gold Mining
18:38 Husbandry
19:25 Bow Saw
19:18 Heavy Plow
19:56 Stone Shaft Mining
27:25 Imperial Age
24:31 Elite Skirmisher
26:31 Hand Cart
26:34 Fletching
28:07 Bodkin Arrow
28:12 Padded Archer Armor
28:05 Crossbowman
29:38 Gold Shaft Mining
29:21 Bracer
30:12 Gold Shaft Mining
30:00 Ballistics
31:12 Two-Man Saw
30:53 Crop Rotation
32:17 Leather Archer Armor
33:05 Chemistry
33:22 Heavy Camel Rider
36:58 Chain Barding Armor
37:08 Ring Archer Armor
37:14 Iron Casting
47:23 Treadmill Crane
48:33 Plate Barding Armor
47:59 Scale Mail Armor
50:12 Squires
50:41 Chain Mail Armor
50:07 Pikeman
55:02 Plate Mail Armor
57:19 Capped Ram
57:48 Onager
戏皇。
6:34 Feudal Age
7:45 Double-Bit Axe
7:43 Horse Collar
10:15 Gold Mining
17:00 Stone Mining
19:23 Castle Age
16:50 Man-at-Arms
17:18 Arson
17:39 Scale Mail Armor
17:49 Forging
17:32 Fletching
17:42 Padded Archer Armor
18:27 Long Swordsman
23:59 Imperial Age
21:42 Two-Handed Swordsman
22:10 Gambesons
22:27 Squires
23:17 Bow Saw
24:09 Bodkin Arrow
24:31 Leather Archer Armor
25:21 Conscription
25:41 Gold Shaft Mining
24:58 Loom
26:37 Heavy Plow
28:41 Wheelbarrow
27:56 Town Watch
31:03 Ballistics
31:46 Chemistry
31:10 Fortified Wall
31:12 Masonry
31:58 Chain Mail Armor
32:25 Elite Composite Bowman
33:14 Fereters
34:10 Champion
36:05 Bracer
41:09 Plate Mail Armor
43:05 Pikeman
44:34 Halberdier
47:05 Capped Ram
48:01 Siege Ram
51:18 Siege Ram
XII. Ahmet
0:52 Loom
8:12 Feudal Age
9:47 Wheelbarrow
9:01 Double-Bit Axe
9:01 Horse Collar
10:21 Stone Mining
10:25 Gold Mining
16:33 Castle Age
17:40 Hand Cart
18:36 Bow Saw
19:06 Gold Shaft Mining
19:09 Heavy Plow
19:22 Caravan
26:03 Imperial Age
27:23 Padded Archer Armor
27:30 Scale Barding Armor
28:41 Two-Man Saw
28:07 Fortified Wall
27:53 Murder Holes
28:04 Town Watch
29:02 Town Patrol
30:27 Artillery
31:51 Conscription
32:04 Leather Archer Armor
32:43 Chain Barding Armor
34:36 Ring Archer Armor
34:24 Husbandry
34:35 Bloodlines
35:19 Elite Janissary
39:44 Ballistics
39:09 Treadmill Crane
Gautier Sans-Avoir
6:27 Feudal Age
7:02 Horse Collar
7:11 Double-Bit Axe
12:48 Loom
16:16 Castle Age
14:43 Fletching
14:53 Padded Archer Armor
14:59 Scale Barding Armor
17:17 Bodkin Arrow
18:50 Light Cavalry
19:44 Bloodlines
19:35 Husbandry
19:58 Chain Barding Armor
21:10 Heavy Plow
22:26 Forging
24:30 Wheelbarrow
23:41 Town Watch
29:44 Imperial Age
27:46 Hand Cart
27:53 Leather Archer Armor
27:47 Crossbowman
28:33 Thumb Ring
30:56 Kamandaran
31:17 Conscription
31:34 Hoardings
31:33 Ring Archer Armor
32:07 Chemistry
31:44 Bow Saw
31:40 Gold Mining
31:41 Stone Mining
34:49 Iron Casting
34:50 Plate Barding Armor
34:37 Ballistics
34:28 Masonry
34:21 Town Patrol
36:17 Devotion
36:12 Herbal Medicine
37:23 Blast Furnace
38:14 Architecture
37:41 Murder Holes
39:23 Gold Shaft Mining
39:24 Stone Shaft Mining
40:10 Crop Rotation
43:32 Faith
42:40 Elite War Elephant
43:31 Citadels
42:52 Sappers
47:34 Scale Mail Armor
47:52 Guilds
56:00 Hussar
60:30 Caravan
61:01 Coinage
zeos0708
6:51 Feudal Age
7:20 Town Watch
7:22 Double-Bit Axe
13:26 Castle Age
12:32 Gold Mining
12:44 Horse Collar
14:17 Bow Saw
16:04 Fletching
25:06 Imperial Age
22:46 Padded Archer Armor
23:52 Wheelbarrow
24:56 Silk Road
25:01 Heavy Plow
26:47 Chemistry
26:08 Ballistics
26:29 Conscription
26:54 Leather Archer Armor
28:30 Two-Man Saw
28:35 Bodkin Arrow
29:54 Thumb Ring
35:48 Hand Cart
35:35 Caravan
36:45 Bracer
38:44 Elite Genoese Crossbowman
41:28 Town Patrol
43:59 Loom
44:00 Crossbowman
45:44 Guilds
45:46 Pirotechnia
45:15 Arbalester
47:32 Ring Archer Armor
48:58 Coinage
53:27 Murder Holes
53:18 Arrowslits
61:25 Hoardings
61:01 Scale Barding Armor
61:58 Banking
62:10 Masonry
MasterEdzis
8:47 Feudal Age
11:58 Castle Age
9:50 Double-Bit Axe
9:54 Horse Collar
13:20 Gold Mining
16:51 Bow Saw
17:18 Gold Shaft Mining
16:35 Stone Mining
16:49 Heavy Plow
20:02 Wheelbarrow
21:40 Caravan
22:26 Hand Cart
23:37 Light Cavalry
24:27 Bloodlines
24:18 Husbandry
28:18 Imperial Age
29:21 Ballistics
29:08 Scale Barding Armor
29:14 Forging
31:12 Chemistry
30:18 Siege Engineers
30:37 Chain Barding Armor
29:51 Heavy Scorpion
31:48 Double Crossbow
32:08 Conscription
31:18 Hussar
33:56 Crop Rotation
36:30 Plate Barding Armor
36:31 Iron Casting
51:22 Blast Furnace
Connection lost

Rejoining the realm…

Still unreachable

The connection could not be restored.

Session expired

The server has moved on; the page needs a fresh start.